| TOP OF THE 1ST |
|
Minnesota Twins batting - Pitching for Cleveland Spiders : RHP Vinny Mendoza
|
|
Pitching: RHP Vinny Mendoza
|
|
|
Batting: RHB Chet Lemon
|
0-0: Called Strike 0-1: Swinging Strike 0-2: Ball 1-2: Strikes out swinging
|
|
Batting: RHB Lee Lacy
|
0-0: Ball 1-0: Ball 2-0: Ball 3-0: Base on Balls
|
|
Batting: LHB Lloyd Moseby
|
0-0: Ball 1-0: Foul Ball, location: 2F 1-1: Fly out, F8 (Line Drive, 8LD, EV 98.1 MPH)
|
|
Batting: RHB Randy Edwards
|
0-0: Ball 1-0: Ball 2-0: Called Strike 2-1: SINGLE (Groundball, 5D, EV 106.9 MPH) Lee Lacy to second
|
|
Batting: LHB Eloy Escobedo
|
0-0: Foul Ball, location: 2F 0-1: Ball 1-1: Ball 2-1: Foul Ball, location: 2F 2-2: Foul Ball, location: 2F 2-2: Ball 3-2: Strikes out swinging wild pitch, reaches first! Lee Lacy to third Randy Edwards to second
|
|
Batting: RHB Taylor Duncan
|
0-0: Ball 1-0: Fly out, F8 (Flyball, 89D, EV 78.1 MPH)
|
| Top of the 1st over - 0 runs, 1 hit, 0 errors, 3 left on base; Minnesota 0 - Cleveland 0 |
| BOTTOM OF THE 1ST |
|
Cleveland Spiders batting - Pitching for Minnesota Twins : LHP Steve Trout
|
|
Pitching: LHP Steve Trout
|
|
|
Batting: RHB Tom Brunansky
|
0-0: Called Strike 0-1: Ball 1-1: Foul Ball, location: 2F 1-2: Ground out 4-3 (Groundball, 4S, EV 81.3 MPH)
|
|
Batting: RHB Alan Trammell
|
0-0: Ball 1-0: Called Strike 1-1: Ball 2-1: Foul Ball, location: 2F 2-2: Ball 3-2: SINGLE (Groundball, 6S, EV 68.8 MPH) (infield hit)
|
|
Batting: SHB Salvador Perez
|
0-0: Swinging Strike 0-1: Ball 1-1: Foul Ball, location: 2F 1-2: Foul Ball, location: 2F 1-2: Ball 2-2: Strikes out swinging
|
|
Batting: RHB Clayton Elliott
|
0-0: Called Strike 0-1: Ball 1-1: Ball 2-1: Ball 3-1: Foul Ball, location: 2F 3-2: Base on Balls Alan Trammell to second
|
|
Batting: RHB Randy Elliott
|
0-0: Foul Ball, location: 2F 0-1: Swinging Strike 0-2: Ball 1-2: Foul Ball, location: 2F 1-2: Fly out, F8 (Line Drive, 8RD, EV 86.9 MPH)
|
| Bottom of the 1st over - 0 runs, 1 hit, 0 errors, 2 left on base; Minnesota 0 - Cleveland 0 |
| TOP OF THE 2ND |
|
Minnesota Twins batting - Pitching for Cleveland Spiders : RHP Vinny Mendoza
|
|
Batting: RHB Tom Brown
|
0-0: Swinging Strike 0-1: Fly out, F8 (Line Drive, 8LD, EV 102.5 MPH)
|
|
Batting: RHB Josh Lynn
|
0-0: Ball 1-0: Ball 2-0: Called Strike 2-1: Ground out 4-3 (Groundball, 4, EV 77.5 MPH)
|
|
Batting: RHB Aurelio Rodriguez
|
0-0: Swinging Strike 0-1: Ball 1-1: Ball 2-1: Bunt for hit to 15S - play at first, batter OUT! 1-3
|
| Top of the 2nd over - 0 runs, 0 hits, 0 errors, 0 left on base; Minnesota 0 - Cleveland 0 |
| BOTTOM OF THE 2ND |
|
Cleveland Spiders batting - Pitching for Minnesota Twins : LHP Steve Trout
|
|
Batting: RHB Cressy Pratt
|
0-0: Foul Ball, location: 2F 0-1: Foul Ball, location: 2F 0-2: Ball 1-2: Ball 2-2: Foul Ball, location: 2F 2-2: Foul Ball, location: 2F 2-2: Foul Ball, location: 2F 2-2: Strikes out looking
|
|
Batting: RHB Henry Torres
|
0-0: Ball 1-0: Called Strike 1-1: Foul Ball, location: 2F 1-2: Fly out, F8 (Flyball, 78S, EV 78.8 MPH)
|
|
Batting: RHB Lance Parrish
|
0-0: Foul Ball, location: 2F 0-1: Foul Ball, location: 2F 0-2: Foul Ball, location: 2F 0-2: Fly out, F9 (Flyball, 9S, EV 77.5 MPH)
|
| Bottom of the 2nd over - 0 runs, 0 hits, 0 errors, 0 left on base; Minnesota 0 - Cleveland 0 |
| TOP OF THE 3RD |
|
Minnesota Twins batting - Pitching for Cleveland Spiders : RHP Vinny Mendoza
|
|
Batting: RHB Chet Lemon
|
0-0: SINGLE (Groundball, 6MD, EV 96.9 MPH)
|
|
Batting: RHB Lee Lacy
|
0-0: Ball 1-0: Ball 2-0: SINGLE (Groundball, 56D, EV 100.6 MPH) Chet Lemon to second
|
|
Batting: LHB Lloyd Moseby
|
0-0: Foul Ball, location: 2F 0-1: Ball 1-1: Ball 2-1: SINGLE (Flyball, 9S, EV 91.9 MPH) Chet Lemon to third Lee Lacy to second Runner from 3rd tries for Home, SAFE, throw by RF to home
|
|
Batting: RHB Randy Edwards
|
0-0: Ball 1-0: Ball 2-0: Ball 3-0: Called Strike 3-1: Fly out, F8 (Flyball, 8LXD, EV 103.1 MPH) Runner from 2nd tags up, SAFE at 3rd, no throw by CF
|
|
Batting: LHB Eloy Escobedo
|
0-0: Ball 1-0: Called Strike 1-1: Foul Ball, location: 2F 1-2: Ball 2-2: Foul Ball, location: 2F 2-2: Ball 3-2: SINGLE (Line Drive, 89S, EV 101.9 MPH) Lee Lacy scores Lloyd Moseby to second Runner from 2nd tries for 3rd, SAFE, throw by CF made to third
|
|
Batting: RHB Taylor Duncan
|
0-0: Ball 1-0: Foul Ball, location: 2F 1-1: Foul Ball, location: 2F 1-2: Foul Ball, location: 2F 1-2: Ball 2-2: Fielders Choice at 2nd, 5-4 (Groundball, 56S, EV 86.9 MPH) Lloyd Moseby scores
|
|
Batting: RHB Tom Brown
|
0-0: Ground out 4-3 (Groundball, 4S, EV 65.6 MPH)
|
| Top of the 3rd over - 3 runs, 4 hits, 0 errors, 1 left on base; Minnesota 3 - Cleveland 0 |
| BOTTOM OF THE 3RD |
|
Cleveland Spiders batting - Pitching for Minnesota Twins : LHP Steve Trout
|
|
Batting: RHB Jesse Barfield
|
0-0: Ball 1-0: Foul Ball, location: 2F 1-1: Called Strike 1-2: Ball 2-2: Strikes out swinging
|
|
Batting: RHB Tom Brunansky
|
0-0: Swinging Strike 0-1: Ball 1-1: Ball 2-1: Called Strike 2-2: Strikes out swinging
|
|
Batting: RHB Alan Trammell
|
0-0: Ground out 6-3 (Groundball, 6, EV 107.5 MPH)
|
| Bottom of the 3rd over - 0 runs, 0 hits, 0 errors, 0 left on base; Minnesota 3 - Cleveland 0 |
| TOP OF THE 4TH |
|
Minnesota Twins batting - Pitching for Cleveland Spiders : RHP Vinny Mendoza
|
|
Batting: RHB Josh Lynn
|
0-0: Reached on error, E4 (Groundball, 4, EV 85.6 MPH)
|
|
Batting: RHB Aurelio Rodriguez
|
0-0: Fly out, F4 (Popup, 34S, EV 79.4 MPH)
|
|
Batting: RHB Chet Lemon
|
0-0: Ball 1-0: DOUBLE (Line Drive, 7LS, EV 107.5 MPH) Josh Lynn scores
|
|
Batting: RHB Lee Lacy
|
0-0: Called Strike 0-1: Foul Ball, location: 2F 0-2: Strikes out looking
|
|
Batting: LHB Lloyd Moseby
|
0-0: Foul Ball, location: 2F 0-1: Fly out, F4 (Line Drive, 4, EV 66.9 MPH)
|
| Top of the 4th over - 1 run, 1 hit, 1 error, 1 left on base; Minnesota 4 - Cleveland 0 |
| BOTTOM OF THE 4TH |
|
Cleveland Spiders batting - Pitching for Minnesota Twins : LHP Steve Trout
|
|
Batting: SHB Salvador Perez
|
0-0: SOLO HOME RUN (Line Drive, 9D, EV 102.5 MPH), Distance : 419 ft
|
|
Batting: RHB Clayton Elliott
|
0-0: Foul Ball, location: 2F 0-1: Swinging Strike 0-2: Ball 1-2: Ball 2-2: Foul Ball, location: 2F 2-2: Ball 3-2: Fly out, F8 (Line Drive, 8LD, EV 103.8 MPH)
|
|
Batting: RHB Randy Elliott
|
0-0: Foul Ball, location: 2F 0-1: Ball 1-1: Ground out 2-3 (Groundball, 2L, EV 64.4 MPH)
|
|
Batting: RHB Cressy Pratt
|
0-0: Ball 1-0: Ball 2-0: Ball 3-0: Base on Balls
|
|
Batting: RHB Henry Torres
|
0-0: Ball 1-0: Foul Ball, location: 2F 1-1: Fly out, F8 (Flyball, 8RM, EV 87.5 MPH)
|
| Bottom of the 4th over - 1 run, 1 hit, 0 errors, 1 left on base; Minnesota 4 - Cleveland 1 |
| TOP OF THE 5TH |
|
Minnesota Twins batting - Pitching for Cleveland Spiders : RHP Vinny Mendoza
|
|
Pitching: RHP Joe Beckwith
|
|
|
Batting: RHB Randy Edwards
|
0-0: Ball 1-0: Swinging Strike 1-1: Foul Ball, location: 2F 1-2: SINGLE (Flyball, 78S, EV 98.1 MPH)
|
|
Batting: LHB Eloy Escobedo
|
0-0: Called Strike 0-1: Called Strike 0-2: Ball 1-2: SINGLE (Groundball, 34D, EV 100.0 MPH) Randy Edwards to second Runner from 2nd tries for 3rd, SAFE, no throw by RF
|
|
Batting: RHB Taylor Duncan
|
0-0: Foul Ball, location: 2F 0-1: Ball 1-1: Ball 2-1: DOUBLE (Flyball, 3D, EV 101.3 MPH) Randy Edwards scores Eloy Escobedo to third Runner from 3rd tries for Home, SAFE, no throw by RF
|
|
Batting: RHB Tom Brown
|
0-0: Ball 1-0: Ground out 6-3 (Groundball, 6, EV 85.6 MPH) Taylor Duncan to third
|
|
Batting: RHB Josh Lynn
|
0-0: Swinging Strike 0-1: Ball 1-1: Foul Ball, location: 2F 1-2: Ball 2-2: Foul Ball, location: 2F 2-2: Ground out 5-3 (Groundball, 56, EV 86.3 MPH) Taylor Duncan scores
|
|
Batting: RHB Aurelio Rodriguez
|
0-0: Ball 1-0: Fly out, F8 (Flyball, 89XD, EV 106.3 MPH)
|
| Top of the 5th over - 3 runs, 3 hits, 0 errors, 0 left on base; Minnesota 7 - Cleveland 1 |
| BOTTOM OF THE 5TH |
|
Cleveland Spiders batting - Pitching for Minnesota Twins : LHP Steve Trout
|
|
Pitching: LHP Tom Hall
|
|
|
Batting: RHB Lance Parrish
|
0-0: Foul Ball, location: 2F 0-1: Ball 1-1: Foul Ball, location: 2F 1-2: Strikes out swinging
|
|
Batting: RHB Jesse Barfield
|
0-0: Ball 1-0: Ball 2-0: Ground out 6-3 (Groundball, 6, EV 101.9 MPH)
|
|
Batting: RHB Tom Brunansky
|
0-0: Called Strike 0-1: Swinging Strike 0-2: Strikes out swinging
|
| Bottom of the 5th over - 0 runs, 0 hits, 0 errors, 0 left on base; Minnesota 7 - Cleveland 1 |
| TOP OF THE 6TH |
|
Minnesota Twins batting - Pitching for Cleveland Spiders : RHP Joe Beckwith
|
|
Pinch Hitting: RHB Larry Hisle
|
0-0: Ball 1-0: Ball 2-0: Called Strike 2-1: Swinging Strike 2-2: Ground out 6-3 (Groundball, 56D, EV 106.9 MPH)
|
|
Pinch Hitting: LHB Ken Oberkfell
|
0-0: Ball 1-0: Ball 2-0: Ball 3-0: Called Strike 3-1: Base on Balls
|
|
Pinch Hitting: RHB Brook Jacoby
|
0-0: Ball 1-0: Ball 2-0: Foul Ball, location: 2F 2-1: Foul Ball, location: 2F 2-2: Foul Ball, location: 2F 2-2: Foul Ball, location: 2F 2-2: Ball 3-2: Base on Balls Ken Oberkfell to second
|
|
Pitching: RHP Roger Erickson
|
|
|
Batting: LHB Kevin Christensen
|
0-0: Called Strike 0-1: Ball 1-1: DOUBLE (Line Drive, 5D, EV 95.6 MPH) Ken Oberkfell scores Brook Jacoby to third Runner from 3rd tries for Home, SAFE, throw by LF to trailing runner, SAFE at third!
|
|
Pinch Hitting: RHB George Foster
|
0-0: Ball 1-0: Swinging Strike 1-1: Foul Ball, location: 2F 1-2: Foul Ball, location: 2F 1-2: Ball 2-2: Reached on error, E6 (Groundball, 6MD, EV 103.1 MPH) Kevin Christensen scores
|
|
Pinch Hitting: RHB Ed Jurak
|
0-0: Ball Wild Pitch! George Foster to third 1-0: Ball 2-0: Ball 3-0: Called Strike 3-1: Swinging Strike 3-2: Strikes out swinging
|
|
Batting: RHB Tom Brown
|
0-0: Swinging Strike 0-1: Ground out 6-3 (Groundball, 6, EV 81.9 MPH)
|
| Top of the 6th over - 3 runs, 1 hit, 1 error, 1 left on base; Minnesota 10 - Cleveland 1 |
| BOTTOM OF THE 6TH |
|
Cleveland Spiders batting - Pitching for Minnesota Twins : LHP Tom Hall
|
|
Now at 3B: Ed Jurak
|
|
|
Now at SS: Ken Oberkfell
|
|
|
Now in LF: Brook Jacoby
|
|
|
Now in CF: Larry Hisle
|
|
|
Now in RF: George Foster
|
|
|
Batting: RHB Alan Trammell
|
0-0: Ball 1-0: Fly out, F9 (Flyball, 9, EV 86.9 MPH)
|
|
Batting: SHB Salvador Perez
|
0-0: Called Strike 0-1: Swinging Strike 0-2: Strikes out swinging
|
|
Batting: RHB Clayton Elliott
|
0-0: Ball 1-0: Ball 2-0: Ground out 4-3 (Groundball, 4, EV 88.1 MPH)
|
| Bottom of the 6th over - 0 runs, 0 hits, 0 errors, 0 left on base; Minnesota 10 - Cleveland 1 |
| TOP OF THE 7TH |
|
Minnesota Twins batting - Pitching for Cleveland Spiders : RHP Roger Erickson
|
|
Pinch Hitting: LHB Luis Alfaro
|
0-0: Ball 1-0: Ball 2-0: Fly out, F3 (Line Drive, 3, EV 63.1 MPH)
|
|
Pinch Hitting: RHB Tack Wilson
|
0-0: Ball 1-0: Called Strike 1-1: Ball 2-1: Reached on error, E4 (Groundball, 4S, EV 68.1 MPH)
|
|
Batting: RHB Larry Hisle
|
0-0: Ball 1-0: Foul Ball, location: 2F 1-1: Swinging Strike 1-2: SINGLE (Line Drive, 34D, EV 103.8 MPH) Tack Wilson to second
|
|
Batting: LHB Ken Oberkfell
|
0-0: Ball 1-0: SINGLE (Groundball, 4MD, EV 104.4 MPH) Tack Wilson to third Larry Hisle to second Runner from 3rd tries for Home, SAFE, throw by CF to home
|
|
Batting: RHB Brook Jacoby
|
0-0: Called Strike 0-1: Called Strike 0-2: Grounds into double play, 5-4-3 (Groundball, 56, EV 85.0 MPH)
|
| Top of the 7th over - 1 run, 2 hits, 1 error, 1 left on base; Minnesota 11 - Cleveland 1 |
| BOTTOM OF THE 7TH |
|
Cleveland Spiders batting - Pitching for Minnesota Twins : LHP Tom Hall
|
|
Now at 1B: Tack Wilson
|
|
|
Now at 3B: Luis Alfaro
|
|
|
Batting: RHB Randy Elliott
|
0-0: Fly out, F6 (Flyball, 6D, EV 83.1 MPH)
|
|
Pinch Hitting: RHB Reyes Carrion
|
0-0: Ball 1-0: Called Strike 1-1: Foul Ball, location: 2F 1-2: Strikes out swinging
|
|
Pinch Hitting: RHB Mark Hopper
|
0-0: Ball 1-0: Called Strike 1-1: Foul Ball, location: 2F 1-2: Strikes out swinging
|
| Bottom of the 7th over - 0 runs, 0 hits, 0 errors, 0 left on base; Minnesota 11 - Cleveland 1 |
| TOP OF THE 8TH |
|
Minnesota Twins batting - Pitching for Cleveland Spiders : RHP Roger Erickson
|
|
Now at 1B: Angel Matos
|
|
|
Now at 2B: Reyes Carrion
|
|
|
Batting: LHB Kevin Christensen
|
0-0: Hit by Pitch
|
|
Batting: RHB George Foster
|
0-0: Called Strike 0-1: Ball 1-1: SINGLE (Groundball, 4D, EV 108.1 MPH) Kevin Christensen to second
|
|
Batting: RHB Ed Jurak
|
0-0: Swinging Strike 0-1: Ball 1-1: Ball 2-1: Grounds into double play, 6-4-3 (Groundball, 6, EV 93.8 MPH) Kevin Christensen to third
|
|
Batting: RHB Tom Brown
|
0-0: Fly out, F9 (Flyball, 9D, EV 82.5 MPH)
|
| Top of the 8th over - 0 runs, 1 hit, 0 errors, 1 left on base; Minnesota 11 - Cleveland 1 |
| BOTTOM OF THE 8TH |
|
Cleveland Spiders batting - Pitching for Minnesota Twins : LHP Tom Hall
|
|
Batting: RHB Lance Parrish
|
0-0: Called Strike 0-1: Swinging Strike 0-2: Foul Ball, location: 2F 0-2: Strikes out swinging
|
|
Batting: RHB Jesse Barfield
|
0-0: Called Strike 0-1: Fly out, F9 (Line Drive, 9, EV 98.1 MPH)
|
|
Pinch Hitting: LHB Glenn Gulliver
|
0-0: Foul Ball, location: 2F 0-1: Called Strike 0-2: Foul Ball, location: 2F 0-2: Fly out, F4 (Popup, 3DF, EV 58.8 MPH)
|
| Bottom of the 8th over - 0 runs, 0 hits, 0 errors, 0 left on base; Minnesota 11 - Cleveland 1 |
| TOP OF THE 9TH |
|
Minnesota Twins batting - Pitching for Cleveland Spiders : RHP Roger Erickson
|
|
Now in RF: Glenn Gulliver
|
|
|
Batting: LHB Luis Alfaro
|
0-0: Called Strike 0-1: Swinging Strike 0-2: Fly out, F9 (Flyball, 9S, EV 86.3 MPH)
|
|
Batting: RHB Tack Wilson
|
0-0: Ball 1-0: Ground out 5-3 (Groundball, 15, EV 83.8 MPH)
|
|
Batting: RHB Larry Hisle
|
0-0: Ball 1-0: Swinging Strike 1-1: Swinging Strike 1-2: Fly out, F3 (Popup, 34, EV 59.4 MPH)
|
| Top of the 9th over - 0 runs, 0 hits, 0 errors, 0 left on base; Minnesota 11 - Cleveland 1 |
| BOTTOM OF THE 9TH |
|
Cleveland Spiders batting - Pitching for Minnesota Twins : LHP Tom Hall
|
|
Pinch Hitting: RHB Victor Mabee
|
0-0: Ball 1-0: Ball 2-0: Called Strike 2-1: Foul Ball, location: 2F 2-2: Foul Ball, location: 2F 2-2: Strikes out swinging
|
|
Batting: RHB Kevin Bell
|
0-0: Called Strike 0-1: Ball 1-1: Ground out 4-3 (Groundball, 4MS, EV 67.5 MPH)
|
|
Pinch Hitting: LHB Jesus Ramos
|
0-0: Fly out, F7 (Flyball, 7, EV 82.5 MPH)
|
| Bottom of the 9th over - 0 runs, 0 hits, 0 errors, 0 left on base; Minnesota 11 - Cleveland 1 |
|